[Event "44th Chess Olympiad Women 2022"]
[Site "Chennai"]
[Date "2022.08.06"]
[Round "8.6"]
[White "Avramidou, Anastasia"]
[Black "Peycheva, Gergana"]
[Result "1/2-1/2"]
[WhiteElo "2274"]
[BlackElo "2295"]
[Annotator "NA RC"]
[PlyCount "63"]
[EventDate "2022.??.??"]
[TimeControl "60"]

1. d4 d5 2. c4 dxc4 3. Nf3 Nf6 4. e3 e6 5. Bxc4 c5 6. O-O a6 7. Re1 Nc6 8. Nc3 b5 9. Bd3 cxd4 10. exd4 Nb4 11. Bb1 Bb7 12. Bg5 Be7 13. Ne5 Nbd5 14. Qf3 Qb6 15. Be4 Rd8 16. Bxf6 gxf6 17. Bxd5 Bxd5 18. Nxd5 Rxd5 19. Ng4 O-O 20. Rad1 Rxd4 21.
Nxf6+ Bxf6 22. Qxf6 Rfd8 23. Rc1 Qd6 24. g3 Rg4 25. Qf3 Rg5 26.
Red1 Rd5 27. Rxd5 Qxd5 28. Qg4+ Kf8 29. Qh4 Kg7 30. Qg4+ Kf8 31. Qh4 Kg7 32. Qg4+ 1/2-1/2

[Event "44th Chess Olympiad Women 2022"]
[Site "Chennai"]
[Date "2022.08.06"]
[Round "8.6"]
[White "Krasteva, Beloslava"]
[Black "Pavlidou, Ekaterini"]
[Result "1-0"]
[WhiteElo "2249"]
[BlackElo "2138"]
[Annotator "RC"]
[PlyCount "137"]
[EventDate "2022.??.??"]
[TimeControl "60"]

1. d4 d6 2. Nf3 g6 3. c4 Bg7 4. e4 Nf6 5. Nc3 O-O 6. h3 e5 7. d5 a5 8. Be3 Na6 9. g4 Nd7 10. a3 Nac5 11. Rg1 a4 12. Nd2 Kh8 13. g5 f5 14. h4 f4 15.
Bxc5 Nxc5 16. Qf3 c6 17. Rh1 Kg8 18. Bh3 Bd7 19. Bxd7 Qxd7 20. Ke2 Ra6 21. Rab1 Rb6 22. Rhc1 Nb3 23. Nxb3 Rxb3 24. Rd1 Rc8 25. Rd3 b5 26. dxc6 Qxc6 27. cxb5 Qc4 28. Ke1 d5 29. Rxd5 Bf8 30. Qd3 Qxd3 31. Rxd3 Bc5 32. Rbd1 Bd4 33. Nxa4 Rxb5 34. R1d2 Rc4 35. Nc3 Rb3 36. Nd1 Rb7 37. Ke2 h6 38. Nc3 hxg5 39. hxg5 Rh7 40. Nb5 Bb6 41. Nd6 Rc1 42. Rb3 Rc6 43. Ne8 Rh1 44. Nf6+ Kg7 45. Nd7 f3+ 46. Rxf3 Bd4 47. Nf6 Rb6 48. Rfd3 Rb1 49. b4 Rc6 50. Nd5 Rg1 51. b5 Rc8 52. Rb3 Rf8 53. Ne3 Rb8 54. Rc2 Rxg5 55. a4 Rh5 56. Rc6 Rh1 57. b6 Ra1 58. Rb4 Ra2+ 59. Rc2 Ra3 60.
b7 Ba7 61. Rc8 Ra2+ 62. Kf3 Rd2 63. Rxb8 Bxb8 64. Nd5 Rc2 65. a5 Rc5 66. a6 Ra5 67. Rb6 Kf7 68. Nb4 Ra3+ 69. Kg4 1-0

[Event "44th Chess Olympiad Women 2022"]
[Site "Chennai"]
[Date "2022.08.06"]
[Round "8.6"]
[White "Makka, Ioulia"]
[Black "Antova, Gabriela"]
[Result "0-1"]
[WhiteElo "1975"]
[BlackElo "2275"]
[Annotator "NA RC"]
[PlyCount "72"]
[EventDate "2022.??.??"]
[TimeControl "60"]

1. e4 e5 2. Nf3 Nc6 3. Bb5 a6 4. Ba4 d6 5. c3 Bd7 6. d4 g6 7. d5 Nce7 8. Bxd7+ Qxd7 9. c4 Bg7 10. Nc3 h6 11. b3 f5 12. Bb2 Nf6 13.
Nd2 O-O 14. O-O Rf7 15. f3 h5 16. b4 Bh6 17. Qe2 Raf8 18.
Nb3 f4 19. c5 g5 20. cxd6 cxd6 21. b5 g4 22. bxa6 bxa6 23. Qxa6 Rg7 24. Kh1 h4 25. Qe2 h3 26. fxg4 hxg2+ 27. Qxg2 Nxg4 28. Qf3 Ng6 29. Qd3 Nh4 30. Qb5 Qa7 31. Nd1 f3 32. Qc6 Nxh2 33. Kxh2 Bf4+ 34. Kh1 Nf5 35. Rf2 Qe7 36. Qc2 Qh4+ 0-1

[Event "44th Chess Olympiad Women 2022"]
[Site "Chennai"]
[Date "2022.08.06"]
[Round "8.6"]
[White "Salimova, Nurgyul"]
[Black "Tsolakidou, Stavroula"]
[Result "1/2-1/2"]
[WhiteElo "2416"]
[BlackElo "2362"]
[Annotator "TA"]
[PlyCount "144"]
[EventDate "2022.??.??"]
[TimeControl "60"]

1. d4 Nf6 2. c4 e6 3. Nf3 d5 4. g3 Bb4+ 5. Bd2 Be7 6. Bg2 O-O 7. O-O c6 8. Bf4 dxc4 {[%emt 0:07:20] E11: Bogo-Indian.} 9. Ne5 Nd5 10. Nxc4 Nxf4 11. gxf4 Nd7 12. Nc3 Nb6 13. Ne5 f6 14.
Nf3 Bd7 15. e3 Nd5 16. Ne4 b6 17. Rc1 Rc8 {[%emt 0:00:40] [#]} 18. Kh1 $146 ({Predecessor:} 18. Ng3
Qe8 19. Qb3 Kh8 20. a3 Qf7 21. Rfd1 Rfd8 22. Qd3 Qe8 23. Qe4 g6 24. Qb1 {
½-½ (42) Schulz,R (2406)-Kregelin,J (2325) GER email 2016}) 18... Kh8 19. Rg1 Be8 20. Bh3 Nc7 21. Ng3 g6 22.
a3 Qd6 23. Qe2 Bf7 24. Bg2 Nd5 25. Rc2 Qd7 26. Ne4 Rc7 27. b4 Ra8 28. Qa6 $1 Be8 29. Rgc1 Qd8 30. Nfd2 Bd7 31. Nc3 Bc8 32. Qd3 (32. Qc4 $5 ) 32...
Bb7 (32... a5 $5 ) 33. Nxd5 exd5 34. Qb3 Rac8 35. Kg1 Qd7 36. a4 Kg7 37. Nf1 c5 38. bxc5 bxc5 39. dxc5 Rxc5 40. Rxc5 Rxc5 41. Rxc5 Bxc5 42. Ng3 Bb6 (42... Bc6 $5 ) 43. Ne2 Bc6 44. a5 Bxa5 {[%emt 0:00:00] With the idea ...Bb5.} 45. Nd4 {[%emt 0:00:00]
Inhibits Bb5.} Ba4 46. Qa2 Bb6 {[%emt 0:00:
00] This bishop pair is nice.} 47. Ne6+ Qxe6 $17 48. Qxa4 {[%emt 0:00:00] Endgame KQB-KQB} Qd6 49. f5 d4 50. exd4 Bxd4 51. fxg6 hxg6 52. Qc6 Qf4 53. Qd7+ Kh6 54. Qh3+ {
[%emt 0:00:27] [#]} Kg5 $1 55. Qg3+ Qxg3 56. hxg3 {[%emt 0:00:04] KB-KB} a5 57. Bc6 Kf5 58. Kf1 g5 59. Ke2 Be5 60. Ke3 Bc7 61. Bd7+ Ke5 62. Kd3 Kd6 63. Be8 Kc5 64. Kc3 $1 Be5+ 65. Kb3 g4 66. Bh5 Bd4 67. f3 gxf3 68. Bxf3 f5 69. Ka4 {[%emt 0:00:38] The position is equal.} Bc3 70.
Bb7 Kd4 71. Bc8 Ke5 72. Bd7 Kf6 {[%emt 0:00:16] Weighted Error
Value: White=0.09 (flawless) /Black=0.08 (flawless)} 1/2-1/2

[Event "44th Chess Olympiad Women 2022"]
[Site "Chennai"]
[Date "2022.08.06"]
[Round "8.7"]
[White "Enkhtuul, Altan-Ulzii"]
[Black "Hoang, Thanh Trang"]
[Result "1/2-1/2"]
[WhiteElo "2267"]
[BlackElo "2376"]
[Annotator "TA"]
[PlyCount "48"]
[EventDate "2022.??.??"]
[TimeControl "60"]

1. d4 e6 2. c4 f5 3. a3 Nf6 4. Nc3 g6 5. Nf3 Bg7 6. Bg5 {[%emt 0:05:13] A85: Dutch Defence:
2 c4 Nf6 3 Nc3.} h6 7. Bxf6 Qxf6 {[%emt 0:00:
00] [#]} 8. e4 $146 ({Predecessor:} 8. e3 c6 9. c5 O-O 10. Bc4
Kh7 11. Ne2 b5 12. Bd3 a5 13. b4 a4 14. Ne5 {½-½ (36) Turchenko,A (1864)
-Geru,V (1934) Kishinev 2007}) 8... d6 9. Bd3 O-O 10. O-O Nc6 11. d5 Ne5 12. Nxe5 dxe5 (12... Qxe5 $11 13. exf5 exf5) 13. c5 exd5 14. exd5 e4 15. Bc4 Kh7 16. Rc1 f4 (16... Bd7 $15 {keeps the upper hand.}) 17. Nxe4 $16 Qxb2 18. Rb1 Qxa3 {[%emt 0:00:00] [#]
} 19. d6 (19. Re1 $1 $16) 19... Bf5 {[%emt 0:06:58] A strong
pair of Bishops.} 20. Rb3 {[%emt 0:00:56] White has compensation.} ({Of course
not} 20. Rxb7 Bxe4 21. Rxc7 Qc3 $15) 20... Qa5 21. Rb5 Qa3 (21... Qa6 $5 22. Re1 c6
$11) 22. Rb3 Qa5 23. Rb5 Qa3 24. Rb3 Qa5 $1 {[%emt 0:00:40] Weighted
Error Value: White=0.17 (very precise) /Black=0.17 (very precise)} 1/2-1/2

[Event "44th Chess Olympiad Women 2022"]
[Site "Chennai"]
[Date "2022.08.06"]
[Round "8.7"]
[White "Gara, Ticia"]
[Black "Bayarmaa, Bayarjargal"]
[Result "1-0"]
[WhiteElo "2367"]
[BlackElo "2171"]
[Annotator "TA"]
[PlyCount "157"]
[EventDate "2022.??.??"]
[TimeControl "60"]

1. Nf3 Nf6 2. g3 g6 3. b3 Bg7 4. Bb2 d6 5. d4 Nbd7 6. Bg2 c5 7. c4 a6 8. Nc3 O-O 9. O-O Rb8 10. a4 b6 {[%emt 0:05:50] E65: King's Indian: Fianchetto: 6...c5 7
0-0 without d5 by White.} 11. d5 Ne4 12. Qc2 Nxc3 {[%emt 0:03:35] White is slightly better.} 13. Bxc3 {
[%emt 0:00:07] [#]} Qc7 $146 ({Predecessor:} 13... Nf6 14. e4
b5 15. axb5 axb5 16. e5 Bf5 17. Qe2 Ne4 18. Ba5 Qd7 19. g4 Bxg4 20. Qxe4 Bxf3
21. Qxf3 Bxe5 {1-0 (70) Ladva,O (2497)-Narva,T (2103) Puhajarve 2018}) 14. Nd2
{[%emt 0:06:30] 0x0.00198aaafcdcdp-1022s more active pieces. The black rooks
are badly placed.} f5 15. Bxg7 Kxg7 16. Qc3+ (16. Rfe1 {looks sharper.} b5 17. cxb5 axb5
18. a5) 16... Kg8 17. e4 Nf6 18. Rfe1 fxe4 19. Nxe4 Nxe4 20. Rxe4 Bf5 21. Re3 Qd8 22. Rae1 Rf7 23. Bf1 Qf8 24.
f4 a5 25. h4 Rb7 26. Kh2 Qc8 27. Bd3 Bg4 28. Be2 Bf5 29. Bd3 Bg4 30. Be2 Bf5 $1 31. Bf3 Bg4 32. Bxg4 Qxg4 33. Re4 Qf5 34. R1e2 Rc7 35. Re6 Qg4 36. Qe1 Kf8 37. Qc3 {[%emt 0:00:24]
[%cal Rc3h8] [#]} Kg8 {[%emt 0:00:25] Prevents Qh8+.} 38. Qe1 Kf8 $1 39. R2e4 Qf3 40. Re3 Qh5 41. Qe2 Qh6 (41... Qf5 $16 {keeps fighting.} 42. R3e4 Rg7) 42. Kh3 $40 {[%emt 0:00:00]
White has strong attack.} Qg7 $2 {[%emt 0:00:00] [#]} (42... Rd7 43. Qe1 Qg7)
43. Rxd6 $3 $18 Qa1 (43... Rc8
44. Rxb6) 44. Rd8+ Kg7 45. Qe1 {[%emt 0:00:
00] Against Qh1+} Qf6 46. Qc3 {[%emt 0:00:00] Against e5} Qxc3 47. Rxc3 {[%emt 0:00:00] Endgame KRR-KRR} Rf6 48. Re3 Rb7 49. Re4 h5 50. Kg2 Kf7 51. Kf3 Rc7 52. Rb8 Rd7 53.
Re5 Kg7 54. Ke4 Kf7 55. f5 Kg7 56. fxg6 Rxg6 57. Rxh5 {[%emt 0:00:00] Threatens to win with
Rhh8.} e6 (57... Rxg3 $142 58. Rxb6 Rh3) 58. Rg5 exd5+ 59. cxd5 Re7+ 60.
Kf5 Rf7+ 61. Kg4 Rxg5+ 62. Kxg5 {[%emt 0:00:19] Strongly threatening d6. KR-KR} Rd7 63. Rxb6 {[%emt 0:00:46] d6 is the strong threat.} Rxd5+ 64. Kf4 c4 65. bxc4 Rd4+ 66. Kg5 Rxc4 67. Rb7+ Kg8 68. g4 Rxa4 69. Ra7 Kh8 70. h5 Kg8 71. Kf5 (71. h6 $142 Rb4 72. Kh5
Kh8 73. g5 Rb8 74. h7 Ra8 75. Rxa8+ Kxh7 76. Rxa5) 71... Kh8 72. g5 {[%emt 0:00:16] White mates.} Kg8 73. Kg6 Rf4 74. Ra8+ Rf8 75. Rxf8+ Kxf8 76. Kh7 a4 77. g6 a3 78. g7+ Ke7 79. g8=Q {[%emt 0:00:14] Weighted Error
Value: White=0.19 (very precise) /Black=0.30} 1-0

[Event "44th Chess Olympiad Women 2022"]
[Site "Chennai"]
[Date "2022.08.06"]
[Round "8.7"]
[White "Munkhzul, Turmunkh"]
[Black "Gaal, Zsoka"]
[Result "1-0"]
[WhiteElo "2277"]
[BlackElo "2313"]
[Annotator "RC"]
[PlyCount "119"]
[EventDate "2022.??.??"]
[TimeControl "60"]

1. e4 c6 2. d4 d5 3. exd5 cxd5 4. c4 Nf6 5. Nc3 Nc6 6. Bg5 Be6 7. a3 h6 8. Bxf6 exf6 9. cxd5 Bxd5 10. Qe2+ Ne7 11. Nxd5 Qxd5 12. Qb5+ Qd7 13. Qxd7+ Kxd7 14. Bb5+ Kd6 15. Ne2 f5 16. Nc3 Nd5 17. Ba4 Nc7 18. O-O-O Be7 19. Rhe1 h5 20. Bb3 Rhf8 21. Re5 g6 22. Kb1 Rad8 23. Rc1 Bg5 24. Rc2 a6 25. g3 Bf6 26. Nd5 Bxe5 27. dxe5+ Kxe5 28. Nxc7 Rd1+ 29. Ka2 Kd6 30. Re2 Rd4 31. Ne8+ Kc6 32. Nf6 h4 33. Rc2+ Kb6 34. Nh7 Rh8 35. Ng5 hxg3 36. hxg3 f6 37. Nf3 Rd3 38. Nh4 Rh6 39. Bc4 Rd4 40. Bf7 f4 41. Nxg6 fxg3 42. fxg3 Rd7 43. Be6 Rg7 44. Nh4 Rh8 45. Nf5 Rg5 46. Nd6 Rc5 47. Rxc5 Kxc5 48. Nxb7+ Kc6 49. Na5+ Kb5 50. b4 Rd8 51. Bf5 Rd5 52. g4 Rd4 53. Kb3 Rd1 54. Nc4 Rd4 55. Be4 a5 56. a4+ Ka6 57. b5+ Ka7 58.
Bf5 Rd5 59. Nxa5 Kb6 60. Kb4 1-0

[Event "44th Chess Olympiad Women 2022"]
[Site "Chennai"]
[Date "2022.08.06"]
[Round "8.7"]
[White "Terbe, Julianna"]
[Black "Mungunzul, Bat-Erdene"]
[Result "0-1"]
[WhiteElo "2291"]
[BlackElo "2163"]
[Annotator "RC"]
[PlyCount "180"]
[EventDate "2022.??.??"]
[TimeControl "60"]

1. Nf3 d5 2. g3 Nf6 3. Bg2 Bf5 4. O-O e6 5. c4 c6 6. Qb3 Qb6 7. d3 Nbd7 8. cxd5 exd5 9. Qc2 Be7 10. Nc3 O-O 11. e4 Be6 12. Be3 c5 13.
exd5 Nxd5 14. Nxd5 Bxd5 15. Rfd1 Qc6 16. Ne1 Bxg2 17. Nxg2 Ne5 18. Ne1 Ng4 19. d4 Qd5 20. Qe2 Qh5 21. f3 Nxe3 22. Qxe3 Rfe8 23. g4 Qh3 24. dxc5 Rac8 25. Rd5 Bf6 26. Qd2 Rcd8 27. Rd1 h5 28. Rxd8 Rxd8 29. Qe2 Rxd1 30. Qxd1 hxg4 31. Qd7 Qh5 32. Qc8+ Kh7 33. fxg4 Bd4+ 34. Kg2 Qd5+ 35. Nf3 g6 36. Qe8 Bxb2 37. h4 Kg7 38. Qe2 Bf6 39. g5 Ba1 40. Qc2 Qe6 41. Kg3 Qe3 42. Qc4 Bb2 43. Qd5 Ba3 44. Qxb7 Bxc5 45. Qd5 Qf2+ 46. Kg4 Qg2+ 47. Kf4 Bf2 48. Qe5+ Kh7 49. Qd5 Bg3+ 50. Ke4 Qe2+ 51. Kd4 Kg7 52. Kc5 Qf2+ 53. Qd4+ Qxd4+ 54. Kxd4 f6 55. gxf6+ Kxf6 56. Ke4 a6 57. a3 Ke6 58. Ng5+ Ke7 59. Nf3 Kf6 60. a4 Ke6 61. Ng5+ Ke7 62. Nf3 Kf6 63.
h5 gxh5 64. Nd4 Bc7 65. Nb3 Bd6 66. Nd4 h4 67. Kf3 h3 68.
Nb5 Be5 69. Na7 Ke6 70. Nc6 Bd6 71. Nd4+ Kd5 72. Nf5 Kc5 73. a5 Bc7 74. Ne3 Kb5 75. Nd5 Bb8 76. Ne7 Bc7 77. Nd5 Be5 78. Ne3 Bd6 79. Nf5 Bc7 80. Ne7 Kxa5 81. Nd5 Bd6 82. Kf2 Ka4 83. Kg1 Kb3 84. Kh1 a5 85. Nb6 Bc5 86. Nd7 Bd4 87. Nb8 a4 88. Nc6 Bc3 89. Na7 a3 90. Nb5 a2 0-1

[Event "44th Chess Olympiad Women 2022"]
[Site "Chennai"]
[Date "2022.08.06"]
[Round "8.8"]
[White "Koubova, Anna Marie"]
[Black "Zatonskih, Anna"]
[Result "1-0"]
[WhiteElo "2115"]
[BlackElo "2383"]
[Annotator "TA"]
[PlyCount "131"]
[EventDate "2022.??.??"]
[TimeControl "60"]

1.
Nf3 d5 2. c4 e6 3. e3 Nf6 4. Nc3 a6 5. b3 c5 6. cxd5 {[%emt 0:00:
00] A17: English Opening: 1...Nf6 with ...Bb4.} exd5 7. d4 Nc6 8. Bb2 {[%emt 0:01:58] The position is
equal.} Bg4 9. Be2 cxd4 (
9... Bxf3 $5 10. Bxf3 cxd4 11. exd4 Bb4 $11) 10. Nxd4 Bxe2 11. Ndxe2 Bd6 {[%emt 0:04:37] [#]} 12. Nd4
$146 (12. Nxd5 $2 Nxd5 13. O-O O-O $1 $19) ({Predecessor:} 12.
Ng3 Qd7 13. Nh5 Nxh5 14. Qxh5 Be5 15. Rd1 Rd8 16. O-O Qe6 17. Rd2 O-O 18. Rfd1
{0-1 (31) Pandurevic,M (2259)-Zaja,I (2417) Omis 2003}) 12... Rc8 13. Nf5 O-O 14. Nxd6 (
14. Nxd5 Nxd5 15. O-O Re8 $1 16. Nxg7 Re5 $1 $11) 14... Qxd6 15. O-O Rfd8 16. Ne2 $1 {[%emt 0:02:39][%cal
Yc3e2,Ye2g3,Yg3f5] Inhibits d4.} Ng4 17.
Ng3 Qg6 18. Rc1 h5 19. Qf3 Re8 ({Better is} 19... Nge5
$14 20. Bxe5 (20. Qxh5 Qxh5 21. Nxh5 Nd3 $14) 20... Nxe5 21. Qxh5 Qxh5 22. Nxh5
Nc6) 20. Qxd5 $16 h4 21. Nf5 Re5 22. Rxc6 $1 $18 (22. Bxe5 Qxf5 23. h3
Ngxe5 $11) 22... bxc6 (22... Rxd5 $2 23. Ne7+ (23. Rxc8+ Kh7
$15) 23... Kh7 24. Rxg6 (24. Nxg6 Rxc6 25. Ne7 Rc2 $11) 24... fxg6 25. Nxd5 $18
) 23. Qxe5 {[%emt 0:00:46] Remove Defender. Dancing on a razor blade.} Nxe5 24. Ne7+ Kf8 25. Nxg6+ Nxg6 {[%emt 0:00:00] Endgame KRB-KRN} 26. Rd1 {[%emt 0:00:34]
Prevents Rd8.} c5 27. Ba3 Ke8 28. Rc1 Rd8 29. Bxc5 Rd2 30. a4 Ne5 31. Bd4 Nd3 32. Rf1 f6 33.
h3 Kd7 34. Bc3 (34. f3 $18)
34... Rc2 $16 35. Bd4 (35. Ba1 $14) 35... Ke6 (35... Rd2 $1 $11) 36. f3 g5 (36... Nc1 $16) 37. Kh2 Re2 38. Kg1 $2 (38. Rb1 $18) 38... Rd2 $2 (38... Rc2 $1 $11)
39. Kh1 Rc2 40. Kh2 Re2 $1 41. Kg1 Rc2 42. Rd1 (42. Rb1 $18) 42... Nc1 $14 43. b4 Ne2+ 44. Kh2 {[%emt 0:00:35] Rb1 is the strong threat.} Rc4 $1 45. Rb1 {[%emt 0:05:52] Hoping for Ba1.} Nxd4 46. exd4 {[%emt 0:00:05] And now b5 would win. KR-KR} Kd7 47.
d5 $1 Rd4 48. Rb2 Rxd5 49. b5 (49. Kg1 $14) 49... a5 $1 $11 50. g3 Kc7 $2 {[%emt 0:02:50] White leaves nothing to
chance now.} (50... Rd4 $11 {and Black stays safe.}) 51. gxh4 $18 {[%emt 0:00:
00] Black must now prevent Rc2+.} gxh4 52. Rc2+ Kb7 $2 (52... Kd6 {is a better defense.}) 53. Rc4 $1 Rd2+ 54. Kg1 Rb2 {[%emt 0:00:
00] [#]} 55. Kf1 $1 ({Not} 55. Rxh4 Rb4 56. Rg4 f5 57. Rg7+
Kb6 $16) 55... Rb1+ $2 (55... Rd2 56. Rxh4 Rh2 57. Rh7+ Kb8
58. Rh8+ Kb7 59. Rh7+ Kb8 60. Rh8+ Kb7) 56. Ke2 Rb2+ 57. Ke3 Rb3+ 58. Kf4 Kb6 59. Kg4 Rb4 60. Re4 Kc5 61. Kf5 {[%emt 0:00:23] Threatening mate
with Rxb4.} Rb3 62. Rf4 Rb4 {[%emt 0:00:15] 
[#]} (62... Kd5 $18 63. Kxf6 Kd6) 63. Rxb4 $1 {[%emt 0:00:35] White mates.}
axb4 64. Ke4 Kc4 65. b6 b3 66. b7 {[%emt 0:00:00]
Weighted Error Value: White=0.22 (precise) /Black=0.44} 1-0

[Event "44th Chess Olympiad Women 2022"]
[Site "Chennai"]
[Date "2022.08.06"]
[Round "8.8"]
[White "Tokhirjonova, Gulrukhbegim"]
[Black "Movsesian, Julia"]
[Result "1/2-1/2"]
[WhiteElo "2329"]
[BlackElo "2291"]
[Annotator "RC"]
[PlyCount "56"]
[EventDate "2022.??.??"]
[TimeControl "60"]

1. e4 e5 2. Nf3 Nc6 3. Bb5 a6 4. Ba4 Nf6 5. Nc3 b5 6. Bb3 Be7 7. d3 O-O 8. O-O d6 9. a3 Bg4 10. Be3 Nd4 11. Bxd4 exd4 12. Ne2 Bxf3 13. gxf3 Nh5 14. Bd5 c6 15. Bxc6 Rc8 16. Bd5 Bg5 17. f4 Nxf4 18. Nxf4 Bxf4 19. Qg4 Qf6 20. Bb3 Rc5 21. h4 Re8 22. Kg2 h5 23. Qh3 Rec8 24. Rh1 Qg6+ 25. Kf1 Qf6 26. Kg2 Qg6+ 27. Kf1 Qf6 28. Kg2 Qg6+ 1/2-1/2

[Event "44th Chess Olympiad Women 2022"]
[Site "Chennai"]
[Date "2022.08.06"]
[Round "8.8"]
[White "Worek, Joanna"]
[Black "Krush, Irina"]
[Result "1/2-1/2"]
[WhiteElo "2280"]
[BlackElo "2430"]
[Annotator "TA"]
[PlyCount "70"]
[EventDate "2022.??.??"]
[TimeControl "60"]

1. e4 c5 2.
Nf3 e6 3. d4 cxd4 4. Nxd4 a6 5. c4 Nf6 6. Nc3 Bb4 7. Bd3 {[%emt 0:
00:00] 7.Bd3 has become a bit dusty these days.} Bxc3+ 8. bxc3
{[%emt 0:00:02] Strongly threatening e5.} d6 {[%emt 0:00:11] B41: Sicilian:
Kan Variation: 5 c4.} 9. O-O Nbd7 10. Re1 {[%emt 0:06:23] [#]} O-O $146 {[%emt 0:00:00] The
position is equal.} ({Predecessor:} 10... Qc7 11. f4 e5 12. Nf5 O-O 13. Bc2
Qxc4 14. Bb3 Qxc3 15. Ba3 Nc5 16. Ne7+ Kh8 17. Qxd6 {0-1 (27) Ratajczyk,R 
(1880)-Krueger,N (2121) Lubawka 2008}) 11. Ba3 Qc7 12. Nb3 (12. e5 $142 Nxe5 {[#]} 13. Nxe6 $1 Bxe6 14.
Bxd6 $1 Qxd6 15. Bxh7+ $1 Nxh7 16. Qxd6 Nxc4 17. Qb4) 12... e5 13. Rb1 Rd8 14. Bf1 Nf8 15. Qe2 b6 16. f3 a5 (16... Be6 $15) 17. Na1 $11 Ba6 18. Nc2 Ne6 19. Ne3 Nc5 20. Qf2 Bc8 21. Red1 Be6 22. Qc2 Rab8 23. Rd2 h6 24. Rdd1 Kh8 25. Kh1 Ng8 (25... Bd7 $14 {is more appropriate.}) 26. Qf2 (26. Nd5 $16 Bxd5 27. cxd5) 26... Ne7 27. Rb5 Rf8 28. Qd2 Rbd8 29. Rdb1 Nc8 30. Qc2 Qe7 31. R5b2 g6 (31... Qg5
$14 32. Re1 f6) 32. Bxc5 dxc5 33. Nd5 Qg5 34. Qc1 Kg7 35. Kg1 Rd6 {[%emt 0:02:08] Weighted Error Value:
White=0.12 (very precise) /Black=0.12 (very precise)} 1/2-1/2

[Event "44th Chess Olympiad Women 2022"]
[Site "Chennai"]
[Date "2022.08.06"]
[Round "8.8"]
[White "Yip, Carissa"]
[Black "Petrova, Kristyna"]
[Result "1-0"]
[WhiteElo "2416"]
[BlackElo "2238"]
[Annotator "TA"]
[PlyCount "187"]
[EventDate "2022.??.??"]
[TimeControl "60"]

1. e4 e5 2. Nf3 Nf6 3. Nxe5 d6 4.
Nf3 Nxe4 5. Nc3 Nxc3 6. dxc3 Be7 7. Bf4 Nc6 8. Qd2 Be6 9.
O-O-O a6 {[%emt 0:04:36] C42: Petroff Defence: 3 Nxe5 and
unusual White 3rd moves.} (9... Bxa2 $2 10. b3 $16) 10. Nd4 Nxd4 (10... Bxa2 $2 11. b3 $16) 11. cxd4 {[%emt 0:00:09] [#]}
d5 $146 {[%emt 0:04:38] The position is equal.} ({Don't take} 11... Bxa2 12. b3
$16) ({Predecessor:} 11... c6 12. Kb1 O-O 13. Bd3 b5 14. h4 a5 15. Qe2 Qd7 16.
Bg5 Rfe8 17. Qe4 f5 {0-1 (36) Schneider Zinner,H (2357)-Kummer,H (2335)
Austria 2006}) 12. Qe3 Bd6 13. Be5 O-O 14. Bd3 Re8 15.
Rde1 f6 16. Bg3 Bg4 (16... Qd7 $11 {remains equal.}) 17. Qxe8+ $16 Qxe8 18. Rxe8+ Rxe8 19. Bxd6 cxd6 {[%emt 0:00:02] Endgame KRB-KRB} 20. Kd2 Bh5 21. c3 Kf7 22. b4 Bg6 23. Be2 Be4 24. Rg1 Ra8 25. Bd1 Bf5 26. Bb3 Be6 27. a4 b6 28. f4 {[%emt 0:04:10][%cal Yf4f5] Threatens to
win with f5!} Ke7 29. g4 h6 30. Re1 Kd7 31. Bd1 Bf7 32. h4 Re8 33. Be2 Ra8 34. g5 hxg5 35.
Bg4+ Kd8 (35... Kc6 $2 36. Re7 (36. hxg5 Re8
$16) 36... Rf8 37. fxg5 $18) 36. hxg5 {[%emt 0:00:29] White is more active.}
Ra7 (36... fxg5 $16 37. fxg5 a5) 37. gxf6 $18 gxf6 38. Rh1 $1 Re7 39. Rh8+ Re8 40. Rh7 Re7 41. Bf3 (41. Rh6 $18) 41... Be8 $2 (
41... f5 $16 42. Rh6 Kc7) 42. Rh8 Kc7 43.
Bxd5 Bxa4 {[%emt 0:01:18] [#]} 44. Ra8 $1 a5 45. bxa5 bxa5 46. Ra7+ Kd8 47. Rxa5 Bd7 48. Ra8+ Kc7 {[%emt 0:00:00] [#]} 49. Rf8 $1 f5 50. Bg2 (50. Rf7 $18 Rxf7 51. Bxf7)
50... Rg7 ({Black should try} 50... Rh7 $14) 51. Bh3 Rg3 $2 (51... d5 {was necessary.} 52. Bxf5 Bb5) 52.
Bxf5 {[%emt 0:00:00] Black must now prevent Rf7.} Bxf5 (52...
Bc6 $142 53. c4 d5 54. Rf7+ Kb8) 53. Rxf5 {[%emt 0:00:00] KR-KR} Rf3 54. Rf7+ Kd8 55. d5 Ke8 56. Rf6 Kd7 57. Kc2 Kc7 58. Kb3 {[%emt 0:00:00] Strongly
threatening f5.} Rf2 59. Kc4 {[%emt 0:00:00] White wants to
mate with Kd4.} Rf1 60. Kd4 Rf3 61. Rf7+ Kd8 62. Rf6 $2 (62. Ke4 {mates} Rxc3 63. Kf5 Re3 64. Kf6 Re4 65. f5 Rd4 66. Ke6 Rg4 67. Ra7
Re4+ 68. Kxd6) 62... Kd7 $2 (62... Kc7 $11 63. Rf7+ Kd8) 63.
Kc4 (63. Ke4 $142 Rxc3 64. Rf7+ Ke8 65. Rb7 Kd8 66. Kf5 Rf3
67. Rf7 Ke8 68. Rg7) 63... Kc7 64. Kd4 (64.
Rf7+ $18 Kd8 65. Kd4) 64... Kd7 65. c4 (65.
Ke4 $142 Rxc3 66. Rf7+ Ke8 67. Ra7 Kd8 68. Kf5 Rf3 69. Rf7 Ke8 70. Rh7) 65...
Rf1 66. Ke4 {[%emt 0:00:00] White mates.} Rc1 67. Rf7+ Ke8 68. Rc7 Kd8 69. Rc6 Ke7 70. Kf5 Rc2 71. Rc7+ Kd8 72.
Rf7 Rxc4 73. Ke6 Ke8 74. Rf5 Ra4 75. Rf6 Ra7 76. Rh6 Kf8 77. Rh8+ Kg7 78. Rh1 Ra4 79. Rg1+ Kf8 80. f5 Re4+ 81. Kxd6 Kf7 82. Rg6 Rf4 83. Ke5 Rf1 84. d6 Re1+ 85. Kd5 Rd1+ 86. Kc6 Rc1+ 87. Kd7 Rf1 88. Rg5 Rf2 89. Rh5 Rf1 90. Kd8 Rd1 91. d7 Rc1 92. Rh6 Rc5 93. Rb6 Rc1 94. Rb7 {[%emt 0:00:24] Weighted Error Value: White=0.15 
(very precise) /Black=0.33} 1-0

[Event "44th Chess Olympiad Women 2022"]
[Site "Chennai"]
[Date "2022.08.06"]
[Round "8.9"]
[White "Bach, Ngoc Thuy Duong"]
[Black "Wagner, Dinara"]
[Result "1/2-1/2"]
[WhiteElo "2192"]
[BlackElo "2341"]
[Annotator "RC"]
[PlyCount "126"]
[EventDate "2022.??.??"]
[TimeControl "60"]

1. d4 Nf6 2. c4 e6 3. Nf3 d5 4. Nc3 Bb4 5. Bg5 h6 6. Bxf6 Qxf6 7. Qb3 Bxc3+ 8.
Qxc3 Nc6 9. e3 O-O 10. Be2 Re8 11. O-O Bd7 12. b4 dxc4 13. Qxc4 a6 14. a4 Rec8 15. b5 axb5 16. axb5 Na5 17. Qb4 b6 18. Ne5 Be8 19. Bf3 Rab8 20. Rfc1 Qd8 21. h3 Qd6 22. Rab1 f6 23. Nc4 Qxb4 24. Rxb4 Nxc4 25. Rcxc4 Kf8 26. Rc1 Ke7 27. d5 e5 28. Bg4 Bd7 29. Bxd7 Kxd7 30. Rg4 Rg8 31. Rc6 Ra8 32. e4 Ra4 33. f3 Raa8 34. Kh2 Raf8 35. f4 exf4 36. Rxf4 Re8 37. Rc4 Re7 38. Rf3 Ra8 39. Rfc3 Kd8 40. Rc6 Ra4 41. d6 cxd6 42. Rxd6+ Rd7 43. Rxb6 Rxe4 44. Rb8+ Ke7 45. b6 Rb4 46. Rc6 h5 47. Rg8 Kf7 48. Ra8 Rd5 49. Rc7+ Ke6 50. Re8+ Kf5 51. Rxg7 Rxb6 52. Rh7 Kf4 53. Re2 Kg5 54. h4+ Kf4 55. Rf2+ Ke4 56. Rh6 Rf5 57. Rxf5 Kxf5 58. Kh3 Rb3+ 59. g3 Ke4 60. Rxf6 Rb2 61. Rg6 Rb5 62. Rg5 Rxg5 63. hxg5 Ke5 1/2-1/2

[Event "44th Chess Olympiad Women 2022"]
[Site "Chennai"]
[Date "2022.08.06"]
[Round "8.9"]
[White "Heinemann, Josefine"]
[Black "Hoang, Thi Bao Tram"]
[Result "1/2-1/2"]
[WhiteElo "2321"]
[BlackElo "2288"]
[Annotator "RC"]
[PlyCount "87"]
[EventDate "2022.??.??"]
[TimeControl "60"]

1. e4 c6 2. d4 d5 3. e5 Bf5 4. Nf3 e6 5. Be2 Ne7 6. c3 Nd7 7. O-O Nc8 8.
Ne1 h5 9. Nc2 Bg6 10. Bd3 Bxd3 11. Qxd3 g6 12. Nd2 Be7 13. Nf3 Ncb6 14. b3 c5 15. Ne3 Rc8 16. Bd2 Kf8 17. Qe2 Kg7 18. a4 cxd4 19. cxd4 Nb8 20. g3 Nc6 21. h4 Nd7 22. Ng2 Qb6 23. Qd3 Nb4 24. Bxb4 Qxb4 25. Rfc1 Rc6 26. Rc2 Rhc8 27. Rac1 Nb8 28. Nf4 Qa3 29. Ne2 a6 30. Kg2 Rc4 31. Rc3 Rxc3 32. Rxc3 Rxc3 33. Qxc3 Nc6 34. Qc2 Qa2 35. Nc1 Qa1 36. Ne2 Bd8 37. Qd2 Qb1 38. Qe3 Qc2 39.
Ne1 Qd1 40. Nf3 Qc2 41. Ne1 Qb1 42. Nf3 Ba5 43. Ng5 Bd8 44.
Nf3 1/2-1/2